 Dungeon Crawl Stone Soup version 0.29-a0-214-g17f627cfee (webtiles) character file.

Game seed: 11180218355174438534

120 spaghetti the Grave Robber (level 5, -2/30 (32) HPs)
             Began as a Tengu Necromancer on Feb 24, 2022.
             Was a Follower of Okawaru.
             Slain by a gnoll
             ... wielding a +0 spear
              (7 damage)
             ... on level 4 of the Dungeon.
             The game lasted 00:05:15 (3273 turns).

spaghetti the Grave Robber (Tengu Necromancer)      Turns: 3273, Time: 00:05:16

HP:   -2/30 (32)    AC:  2    Str:  8    XL:     5   Next: 4%
MP:   9/9           EV: 14    Int: 17    God:    Okawaru [*.....]
Gold: 180           SH:  0    Dex: 15    Spells: 4/9 levels left

rFire   . . .      SeeInvis .   h - +0 dagger (venom) {short}
rCold   . . .      Faith    .   (no shield)
rNeg    . . .      Spirit   .   a - +0 robe
rPois   .          Reflect  .   (helmet restricted)
rElec   .          Harm     .   (no cloak)
rCorr   .          Rampage  .   (no gloves)
Will    .....                   (boots unavailable)
Stlth   ++........              (no amulet)
HPRegen 0.10/turn               (no ring)
MPRegen 0.11/turn               (no ring)

@: brilliant, weak-willed, flying quickly and evasively, drained, quick
A: beak, talons 3, nimble flight
a: Renounce Religion, Heroism


You were on level 4 of the Dungeon.
You worshipped Okawaru.
Okawaru was aware of your devotion.
You visited 1 branch of the dungeon, and saw 4 of its levels.

You collected 180 gold pieces.


Innate Abilities, Weirdness & Mutations

You have a beak for a mouth.
You have claws for feet.
Your magical nature lets you fly swiftly and evasively.


   Skills:
 + Level 3.3 Fighting
 - Level 2.1 Dodging
 - Level 2.0 Stealth
 - Level 2.5 Spellcasting
 - Level 5.1 Necromancy


You had 4 spell levels left.
You knew the following spells:

 Your Spells              Type           Power      Damage    Failure   Level
a - Pain                  Necr           100%       1d9       2%          1
b - Vampiric Draining     Necr           29%        2d8       7%          3
c - Beastly Appendage     Tmut           6%         N/A       19%         1

Your spell library contained the following spells:

 Spells                   Type           Power      Damage    Failure   Level
 Wereblood                Tmut           3%         N/A       28%         2
 Spider Form              Tmut/Pois      3%         N/A       50%         3
 Agony                    Necr           29%        N/A       52%         5
 Animate Skeleton         Necr           Unusable   N/A       N/A         1
 Animate Dead             Necr           Unusable   N/A       N/A         4

Inventory:

Hand Weapons
 c - a +0 hand axe {axe}
   (You found it on level 1 of the Dungeon)
 d - a +0 vorpal whip {mace}
   (You took it off a kobold on level 1 of the Dungeon)
 h - a +0 dagger of venom (weapon) {short}
   (You took it off a goblin on level 1 of the Dungeon)
Missiles
 b - 49 stones {throwing}
 s - 4 datura-tipped darts {throwing}
 x - 6 poisoned darts {throwing}
Armour
 a - a +0 robe (worn)
Magical Staves
 j - a staff of earth {!astaff}
   (You found it on level 1 of the Dungeon)
Jewellery
 l - a ring of see invisible
   (You found it on level 1 of the Dungeon)
Scrolls
 g - a scroll of summoning
 i - a scroll of silence {!r}
 m - a scroll of amnesia {unknown}
 o - a scroll of magic mapping {unknown}
 p - 2 scrolls of teleportation {unknown}
 q - 2 scrolls of identify {@r1}
Potions
 e - 2 potions of heal wounds {unknown}
 f - a potion of lignification {unknown}
 n - 2 potions of degeneration {unknown}
 r - 2 potions of flight {unknown}
 u - a potion of curing {unknown}
 v - a potion of cancellation {unknown}
 z - 2 potions of invisibility {unknown}

Dungeon Overview and Level Annotations

Branches:
Dungeon (4/15)
 Temple: D:4-7

Altars:
Elyvilon
Okawaru

##.##....
#.........
.....PP...#
...P.PP.P.#
...P.P....#
..P...ggP.#
..P.g..gPg#
..PP..PPP@#
.....PPP.z#
..[..P...##
#...######
###


You could see a gnoll shaman (weak-willed), a wight (weak-willed) and 4 gnolls.


Message History

You kill the rat!
Okawaru accepts your kill.
No target in view!
No target in view!
No target in view!
No target in view!
No target in view!
No target in view!
No target in view!
No target in view!
z - 2 yellow potions
x - 6 poisoned darts {throwing} (gained 2)
A ball python comes into view.
A ball python is nearby!
No target in view!
No target in view!
No target in view!
You see here a rat corpse.
Found a stone staircase leading down.
You now have 168 gold pieces (gained 11).
No target in view!
You now have 180 gold pieces (gained 12).
Found an escape hatch in the floor.
The ball python hisses angrily.
A ball python is nearby!
The ball python misses you. The ball python grabs you.
The ball python constricts you. 😕 HP[-1]
You take 1 damage, and now have 31/32 hp.
You closely miss the ball python. The ball python barely misses you.
The ball python constricts you.
A ball python is nearby!
You closely miss the ball python. Your kick misses the ball python.
The ball python bites you.
The ball python constricts you. 😕 HP[-3]
You take 3 damage, and now have 28/32 hp.
You hit the ball python.
You kill the ball python!
Okawaru accepts your kill.
No target in view!
No target in view!
No target in view!
No target in view!
No target in view!
No target in view!
No target in view!
No target in view!
A wight comes into view.
It is wielding a +0 morningstar. 😎 HP[+4]
Your hp is fully restored (32).
A wight is nearby!
A wight comes into view. It is wielding a +0 mace.
A wight comes into view. It is wielding a +1 mace.
You hit the wight but do no damage. Your peck misses the wight.
The wight hits you with a +0 morningstar!
You feel drained. 😮 HP[-11]
You now have 30 max hp (-2).
You take 11 damage, and now have 21/30 hp.
MASSIVE DAMAGE!! (PAUSE) Unknown command.
Unknown command.
The wight closely misses you. The wight closely misses you.
There is an escape hatch in the floor here. 😮 HP[+1]
The wight hits you with a +0 morningstar.
You fly downwards.
The hatch slams shut behind you.
The gnoll shouts! x4 😮 HP[-5]
You take 5 damage, and now have 17/30 hp.
Unknown command.
Unknown command.
Okay, then.
The gnoll shaman shouts!
The wight hits you with a +0 morningstar.
* * * LOW HITPOINT WARNING * * *
😨 HP[-4]
You take 4 damage, and now have 13/30 hp.
Okay, then.
As you read the scroll labelled ORIBUATWAI, it crumbles to dust.
Magic quickly surges around you.
It was a scroll of vulnerability.
The wight misses you.
As you read the scroll labelled USEAS DOMI, it crumbles to dust.
It is a scroll of brand weapon.
Your +0 whip {mace} emits a brilliant flash of light!
d - a +0 vorpal whip {mace} The gnoll hits you from afar with a +0 spear!
* * * LOW HITPOINT WARNING * * *
The gnoll closely misses you.
The gnoll shaman hits the plant with a +0 whip!
The plant begins to die.
The wight closely misses you. 😱 HP[-8]
You take 8 damage, and now have 5/30 hp.
MASSIVE DAMAGE!! (PAUSE) It was a potion of brilliance.
You feel clever all of a sudden.
The gnoll hits you from afar with a +0 spear!
You die...

Skill      XL: |  1  2  3 |
---------------+----------+-----
Necromancy     | 5 |  5.1
Fighting       | 3 |  3.3
Dodging        | |  2.1
Stealth        | |  2.0
Spellcasting   | |  2.5

Action                   |  1- 3 |  4- 6 || total
-------------------------+-------+-------++-------
Melee: Dagger            |    28 |    26 ||    54
       Kick              |    10 |     7 ||    17
       Unarmed           |     2 |       ||     2
       Peck              |     4 |     2 ||     6
       Punch             |     1 |       ||     1
 Cast: Pain              |    53 |       ||    53
  Use: Scroll            |     2 |     2 ||     4
       Potion            |       |     1 ||     1
 Stab: Sleeping          |     3 |     1 ||     4
Armor: Robe              |     4 |       ||     4
Dodge: Dodged            |    19 |    22 ||    41

Levels and vault maps discovered:
D:1:      eino_arrival_cavern_d, layout_loops_corners,
          ebering_ecumenical_altar_sacrificial, minmay_misc_feat_ornament
D:2:      minmay_diamond_boxcup, layout_basic, st_stairs_1
D:3:      layout_rooms, elyvilon_altar_3, minmay_misc_feat_five,
          serial_park_tiny_2
D:4:      layout_basic, mainiacjoe_overflow_tiny_flanked,
          gammafunk_ghost_mausoleum, solitary_fountain, nicolae_grassy_gnolls,
          uniq_sigmund

Notes
Turn   | Place    | Note
-------+----------+-------------------------------------------
     0 | D:1      | spaghetti the Tengu Necromancer began the quest for the
                  | Orb.
     0 | D:1      | Reached XP level 1. HP: 10/10 MP: 4/4
     0 | D:1      | magus.rc [v1.9.6]
   338 | D:1      | Found a faded altar of an unknown god.
   347 | D:1      | Reached XP level 2. HP: 12/15 MP: 4/6
   355 | D:1      | Prayed at the altar of an unknown god.
   355 | D:1      | Became a worshipper of Warmaster Okawaru
   355 | D:1      | Reached * piety under Okawaru
   902 | D:1      | Reached skill level 5 in Necromancy
  1256 | D:1      | Reached XP level 3. HP: 17/19 MP: 4/7
  2187 | D:2      | Learned a level 3 spell: Vampiric Draining
  2430 | D:2      | Reached skill level 1 in Fighting
  2774 | D:3      | Noticed a scorpion
  2782 | D:3      | Killed a scorpion
  2783 | D:3      | Reached skill level 3 in Fighting
  2783 | D:3      | Reached XP level 4. HP: 26/28 MP: 8/8
  3107 | D:3      | Gained mutation: Your magical nature lets you fly swiftly
                  | and evasively. [Tengu growth]
  3107 | D:3      | Reached XP level 5. HP: 32/32 MP: 9/9
  3120 | D:3      | Found a white marble altar of Elyvilon.
  3121 | D:3      | You pick up a book of Changes and begin reading...
  3121 | D:3      | You add the spells Beastly Appendage, Wereblood and Spider
                  | Form to your library.
  3124 | D:3      | Learned a level 1 spell: Beastly Appendage
  3272 | D:4      | HP: 5/30 [gnoll/+0 spear (8)]
  3273 | D:4      | Slain by a gnoll

Vanquished Creatures
  A scorpion (D:3)
  A worm (D:3)
  4 endoplasms
  5 giant cockroaches
  5 goblins
  7 hobgoblins
  5 quokkas
  4 ball pythons
  3 bats (D:1)
  2 frilled lizards
  8 kobolds
  6 rats
51 creatures vanquished.

Table legend:
 A = Non-vault XP
 B = Vault XP
 C = Vault XP percentage of total XP
 D = Non-vault monster count
 E = Vault monster count
 F = Vault count percentage of total count
                 A         B        C        D         E       F
            +---------+---------+-------+---------+---------+-------
      Total |     159 |      13 |   7.6 |      43 |       8 |  15.7
            +---------+---------+-------+---------+---------+-------
        D:1 |      40 |       0 |   0.0 |      24 |       0 |   0.0
        D:2 |      10 |      13 |  56.5 |       7 |       8 |  53.3
        D:3 |     109 |       0 |   0.0 |      12 |       0 |   0.0
            +---------+---------+-------+---------+---------+-------

Illustrated notes

Table legend:
 A = Kills in this place as a percentage of kills in entire the game.
 B = Kills by you in this place as a percentage of kills by you in the entire game.
 C = Kills by friends in this place as a percentage of kills by friends in the entire game.
 D = Other kills in this place as a percentage of other kills in the entire game.
 E = Experience gained in this place as a percentage of experience gained in the entire game.
 F = Experience gained in this place divided by the number of levels of this place that you have seen.
                   A       B       C       D       E      F
               +-------+-------+-------+-------+-------+----------------------
         Total | 100.0 | 100.0 |   N/A |   N/A | 100.0 |  43.0
       Dungeon | 100.0 | 100.0 |   N/A |   N/A | 100.0 |  43.0
               +-------+-------+-------+-------+-------+----------------------

Table legend: (Time is in decaauts)
 A = Elapsed time spent in this place.
 B = Non-inter-level travel time spent in this place.
 C = Inter-level travel time spent in this place.
 D = Time resting spent in this place.
 E = Time spent auto-exploring this place.
 F = Levels seen in this place.
 G = Mean time per level.
                   A        B        C        D        E       F      G
               +--------+--------+--------+--------+--------+-----+--------+
         Total |   3259 |   3175 |     84 |    509 |   2361 |   4 |  814.8 |
       Dungeon |   3259 |   3175 |     84 |    509 |   2361 |   4 |  814.8 |
               +--------+--------+--------+--------+--------+-----+--------+

Top non-repeatable levels by time:
     D:1: 1687 daAuts
     D:2: 1010 daAuts
     D:3: 556 daAuts
     D:4: 5 daAuts
